Maple Leafs vs Islanders

Created - 20 janvier 2022 at 16:09

Goals
1 2 3 T
Maple Leafs 1 1 2 4
Islanders 0 0 3 3
Shots
1 2 3 T
Maple Leafs 19 12 7 38
Islanders 8 7 19 34

GoalsPenalties
1st period
1. Maple Leafs , Jake Evans 4 (Brendan Gallagher 15, Rudolfs Balcers 8) at 12:38
Mark Scheifele (NYI) for High sticking (Minor) at 0:31
Jamie Benn (TOR) for Cross-checking (Minor) at 4:58
Noah Dobson (NYI) for Roughing (Minor) at 7:10
Rasmus Ristolainen (NYI) for Tripping (Minor) at 9:12
J.T. Miller (NYI) for Tripping (Minor) at 16:51
Mikko Koskinen (NYI) for Delaying the game (Minor) at 17:23 - Milan Lucic served the penalty.
2nd period
2. Maple Leafs , Alexander Radulov 10 (Jakub Vrana 19, Dougie Hamilton 26) at 16:45
Rasmus Ristolainen (NYI) for Hooking (Minor) at 8:28
Rasmus Ristolainen (NYI) for Hooking (Minor) at 10:37
Alexander Radulov (TOR) for High sticking (Minor) at 14:01
3rd period
3. Islanders , Dylan Strome 14 (Rasmus Ristolainen 22, Duncan Keith 22) at 4:45
4. Islanders , Charlie Coyle 15 (Travis Sanheim 22) at 7:26
5. Maple Leafs , Jakub Vrana 8 (Jaccob Slavin 19, Dougie Hamilton 27) at 13:58
6. Islanders , Jesse Puljujarvi 10 (Travis Sanheim 23, Charlie Coyle 17) at 15:40
7. Maple Leafs , Jakub Vrana 9 (Eric Staal 2) at 16:17
Jamie Benn (TOR) for High sticking (Double Minor) at 7:59
Jamie Benn (TOR) for Holding (Minor) at 16:34
Goalie Stats
Juuse Saros (TOR), 31 saves from 34 shots - (0,912), W, 14-12-4, 60:00 minutes
Mikko Koskinen (NYI), 34 saves from 38 shots - (0,895), L, 17-19-0, 60:00 minutes
3 StarsOfficial
1 - Jakub Vrana (TOR)
2 - Dougie Hamilton (TOR)
3 - Travis Sanheim (NYI)
Referees : Francis Charron and Tom Chmielewski
Linesman : Vaughan Rody and Brian Murphy
Game Note
No Game Note



Team Name Goals Shots Shots Attemp Shots Blocked PIM HIT PP PK FO%
Maple Leafs 43868710220 / 7 (0%)054%
Islanders 33460414210 / 5 (0%)046%

Maple Leafs
Player Name POS G A P +/- PIM HIT SHT SB MP PP MP PP SHT PK MP PK SHT FO% FOT
Alexander RadulovLW/RW1012203018:477:0310:1500% 1
Antoine RousselLW000001003:490:0000:0000% 0
Brendan GallagherRW011-1033013:465:2320:0000% 0
Dougie HamiltonD0223034124:315:5234:5010% 0
Eric StaalC0112012015:280:0003:03069% 13
Greg PaterynD000-1020115:260:0004:4400% 0
Jaccob SlavinD0113012024:475:5225:0600% 0
Jake EvansC/RW101-1015120:157:0343:54059% 32
Jakub VranaLW/RW2132017018:337:0340:000100% 1
Jamie BennC0000813119:145:2320:53053% 32
Marcus PetterssonD000-1012217:166:3420:0000% 0
Michael GrabnerLW/RW0000001010:310:0005:470100% 1
Nikita ZadorovD000-1051118:190:0005:1200% 0
Patrik LaineLW/RW0000022025:036:0216:00042% 12
Pius SuterC000000103:490:0000:00033% 6
Rudolfs BalcersLW011-100008:230:0000:0000% 1
Slater KoekkoekD000-1000013:390:3200:0000% 0
Taylor HallLW0000002018:245:2310:00050% 2
Islanders
Player Name POS G A P +/- PIM HIT SHT SB MP PP MP PP SHT PK MP PK SHT FO% FOT
Alex TuchLW/RW000-1032024:175:0325:31042% 12
Alexandre TexierC/LW/RW000100009:380:0000:000100% 2
Charlie CoyleC/RW1120016015:464:5310:53144% 27
Duncan KeithD011-1002127:005:2826:1000% 0
Dylan StromeC/LW/RW101100309:380:0000:00038% 8
J.T. MillerC/LW/RW000-1263023:595:0325:1400% 0
Jesse PuljujarviRW1010011020:244:5305:31050% 4
Johan LarssonC000-100104:170:0000:00050% 6
John KlingbergD000-2004023:454:2836:1610% 0
Lawson CrouseLW/RW0000000014:534:5300:0000% 1
Mark ScheifeleC000-1205123:525:0335:07045% 38
Milan LucicLW000-101105:260:0001:0900% 1
Nicolas Aube-KubelRW000-101104:170:0000:0000% 0
Noah DobsonD0002210012:370:0003:2300% 0
Rasmus DahlinD000-2022023:454:2826:1600% 0
Rasmus RistolainenD011-1622123:345:2812:4700% 0
Sammy BlaisLW/RW000102109:380:0000:000100% 2
Travis SanheimD022201019:150:0000:0000% 0

Maple Leafs

5 vs 5 Forward
Line #Left WingCenterRight WingPHYDFOFWanted %Time %Time Play
1Taylor HallJamie BennPatrik Laine0053535%13:01
2Jakub VranaEric StaalAlexander Radulov0143031%11:30
3Rudolfs BalcersJake EvansBrendan Gallagher0232523%8:23
4Antoine RousselPius SuterMichael Grabner0231010%3:49
5 vs 5 Defense
Line #DefenseDefensePHYDFOFWanted %Time %Time Play
1Jaccob SlavinDougie Hamilton0413535%12:54
2Slater KoekkoekNikita Zadorov0413036%13:07
3Marcus PetterssonGreg Pateryn0502529%10:42
4Jaccob SlavinDougie Hamilton032100%0:00
Power Play Forward
Line #Left WingCenterRight WingPHYDFOFWanted %Time %Time Play
1Taylor HallJamie BennBrendan Gallagher0055043%5:23
2Jakub VranaJake EvansAlexander Radulov0145057%7:03
Power Play Defense
Line #DefenseDefensePHYDFOFWanted %Time %Time Play
1Jaccob SlavinDougie Hamilton0415047%5:52
2Marcus PetterssonPatrik Laine0415053%6:34
Penalty Kill 4 Players Forward
Line #CenterWingPHYDFOFWanted %Time %Time Play
1Jake EvansPatrik Laine0325039%3:54
2Jamie BennMichael Grabner0415061%6:02
Penalty Kill 4 Players Defense
Line #DefenseDefensePHYDFOFWanted %Time %Time Play
1Jaccob SlavinNikita Zadorov0505052%5:12
2Greg PaterynDougie Hamilton0505048%4:44
Penalty Kill 3 Players
Line #WingPHYDFOFWanted %Time %Time PlayDefenseDefensePHYDFOFWanted %Time %Time Play
1Jamie Benn032500%0:00 Jaccob SlavinNikita Zadorov140500%0:00
2Jake Evans041500%0:00 Dougie HamiltonGreg Pateryn140500%0:00
4 vs 4 Forward
Line #CenterWingPHYDFOFWanted %Time %Time Play
1Jamie BennPatrik Laine014500%0:00
2Taylor HallJakub Vrana014500%0:00
4 vs 4 Defense
Line #DefensePHYDFOFWanted %Time %Time Play
1Jaccob SlavinDougie Hamilton041500%0:00
2Marcus PetterssonNikita Zadorov041500%0:00
Last Minutes Offensive
Left WingCenterRight WingDefenseDefense
Taylor HallJamie BennPatrik LaineJaccob SlavinDougie Hamilton
Last Minutes Defensive
Left WingCenterRight WingDefenseDefense
Michael GrabnerEric StaalJake EvansJaccob SlavinDougie Hamilton
Time
Total ForwardTotal DefenseLast Minutes OffensiveLast Minutes Defensive
60:00 60:00 0:000:55
Extra Forwards
Normal PowerPlayPenalty Kill
Taylor Hall, Patrik Laine, Jamie BennJake Evans, Patrik LainePatrik Laine
Extra Defensemen
Normal PowerPlayPenalty Kill
Nikita Zadorov, Jaccob Slavin, Dougie HamiltonMarcus Pettersson, Greg PaterynJaccob Slavin
Penalty Shots
Taylor Hall, Patrik Laine, Jakub Vrana, Alexander Radulov, Brendan Gallagher
Goalie
Juuse Saros, Aaron Dell
Custom OT Lines Forwards
Patrik Laine, Jamie Benn, Taylor Hall, Brendan Gallagher, Jakub Vrana, Alexander Radulov, Eric Staal, Jake Evans, Michael Grabner, Rudolfs Balcers
Custom OT Lines Defensemen
Dougie Hamilton, Jaccob Slavin, Nikita Zadorov, Greg Pateryn, Marcus Pettersson
Scratches
Brendan Smith (Healthy), William Carrier (Healthy), Jake Gardiner (Healthy)

Islanders

5 vs 5 Forward
Line #Left WingCenterRight WingPHYDFOFWanted %Time %Time Play
1J.T. MillerMark ScheifeleAlex Tuch1223335%12:48
2Lawson CrouseCharlie CoyleJesse Puljujarvi1222727%10:00
3Alexandre TexierDylan StromeSammy Blais1222526%9:38
4Milan LucicJohan LarssonNicolas Aube-Kubel1221512%4:17
5 vs 5 Defense
Line #DefenseDefensePHYDFOFWanted %Time %Time Play
1Rasmus RistolainenDuncan Keith1223029%10:30
2Rasmus DahlinJohn Klingberg1223035%13:01
3Travis SanheimNoah Dobson1222425%9:15
4Rasmus RistolainenDuncan Keith1221611%3:57
Power Play Forward
Line #Left WingCenterRight WingPHYDFOFWanted %Time %Time Play
1J.T. MillerMark ScheifeleAlex Tuch0055051%5:03
2Lawson CrouseCharlie CoyleJesse Puljujarvi0145049%4:53
Power Play Defense
Line #DefenseDefensePHYDFOFWanted %Time %Time Play
1Rasmus RistolainenDuncan Keith0145055%5:28
2Rasmus DahlinJohn Klingberg0145045%4:28
Penalty Kill 4 Players Forward
Line #CenterWingPHYDFOFWanted %Time %Time Play
1Mark ScheifeleJ.T. Miller1225050%5:28
2Alex TuchJesse Puljujarvi1225050%5:31
Penalty Kill 4 Players Defense
Line #DefenseDefensePHYDFOFWanted %Time %Time Play
1Rasmus RistolainenDuncan Keith1225051%5:34
2Rasmus DahlinJohn Klingberg1225049%5:25
Penalty Kill 3 Players
Line #WingPHYDFOFWanted %Time %Time PlayDefenseDefensePHYDFOFWanted %Time %Time Play
1Mark Scheifele1225039%0:34 Rasmus RistolainenDuncan Keith1225041%0:36
2J.T. Miller1225061%0:53 Rasmus DahlinJohn Klingberg1225059%0:51
4 vs 4 Forward
Line #CenterWingPHYDFOFWanted %Time %Time Play
1Mark ScheifeleJ.T. Miller122500%0:00
2Alex TuchJesse Puljujarvi122500%0:00
4 vs 4 Defense
Line #DefensePHYDFOFWanted %Time %Time Play
1Rasmus RistolainenDuncan Keith122500%0:00
2Rasmus DahlinJohn Klingberg122500%0:00
Last Minutes Offensive
Left WingCenterRight WingDefenseDefense
J.T. MillerMark ScheifeleAlex TuchRasmus RistolainenDuncan Keith
Last Minutes Defensive
Left WingCenterRight WingDefenseDefense
J.T. MillerMark ScheifeleAlex TuchRasmus RistolainenDuncan Keith
Time
Total ForwardTotal DefenseLast Minutes OffensiveLast Minutes Defensive
60:00 60:00 0:550:00
Extra Forwards
Normal PowerPlayPenalty Kill
Dylan Strome, Alexandre Texier, Milan LucicDylan Strome, Alexandre TexierMilan Lucic
Extra Defensemen
Normal PowerPlayPenalty Kill
Travis Sanheim, Noah Dobson, Rasmus DahlinTravis Sanheim, Noah DobsonRasmus Dahlin
Penalty Shots
Mark Scheifele, J.T. Miller, Alex Tuch, Jesse Puljujarvi, Charlie Coyle
Goalie
Mikko Koskinen, Matt Murray
Custom OT Lines Forwards
Mark Scheifele, J.T. Miller, Alex Tuch, Jesse Puljujarvi, Charlie Coyle, Lawson Crouse, Dylan Strome, Alexandre Texier, Milan Lucic, Sammy Blais
Custom OT Lines Defensemen
Rasmus Ristolainen, Duncan Keith, Rasmus Dahlin, John Klingberg, Travis Sanheim
Scratches
Troy Stecher (Healthy), Sebastian AhoD (Healthy)


Play-by-Play

1st period


0:01 of 1st period - Jamie Benn wins face-off versus Mark Scheifele in neutral zone.
0:31 of 1st period - Minor Penalty to Mark Scheifele for High sticking.
0:32 of 1st period - Jake Evans wins face-off versus Alex Tuch in Islanders zone.
0:33 of 1st period - Shot by Jakub Vrana.
0:33 of 1st period - Stopped by Mikko Koskinen without a rebound.
0:34 of 1st period - Jake Evans wins face-off versus Milan Lucic in Islanders zone.
1:14 of 1st period - Shot by Patrik Laine.
1:14 of 1st period - Shot Misses the Net.
1:26 of 1st period - Shot by Dougie Hamilton.
1:26 of 1st period - Shot Misses the Net.
1:28 of 1st period - Shot by Dougie Hamilton.
1:28 of 1st period - Stopped by Mikko Koskinen without a rebound.
1:29 of 1st period - Jamie Benn wins face-off versus Alex Tuch in Islanders zone.
1:55 of 1st period - Shot by Rasmus Ristolainen.
1:55 of 1st period - Shot Misses the Net.
2:34 of 1st period - Shot by Jakub Vrana.
2:34 of 1st period - Shot Misses the Net.
2:36 of 1st period - Shot by Michael Grabner.
2:36 of 1st period - Stopped by Mikko Koskinen without a rebound.
2:37 of 1st period - Pius Suter wins face-off versus Dylan Strome in Islanders zone.
2:37 of 1st period - Pius Suter is hit by Travis Sanheim.
4:26 of 1st period - Eric Staal is hit by Rasmus Dahlin and loses puck.
4:42 of 1st period - Icing by John Klingberg.
4:43 of 1st period - Mark Scheifele wins face-off versus Jake Evans in Islanders zone.
4:47 of 1st period - Off-side.
4:48 of 1st period - Taylor Hall wins face-off versus Charlie Coyle in neutral zone.
4:58 of 1st period - Minor Penalty to Jamie Benn for Cross-checking.
4:59 of 1st period - Jake Evans wins face-off versus Mark Scheifele in Maple Leafs zone.
5:12 of 1st period - Shot by Alex Tuch.
5:12 of 1st period - Stopped by Juuse Saros without a rebound.
5:13 of 1st period - Charlie Coyle wins face-off versus Patrik Laine in Maple Leafs zone.
5:18 of 1st period - Shot by Charlie Coyle.
5:18 of 1st period - Stopped by Juuse Saros without a rebound.
5:19 of 1st period - Charlie Coyle wins face-off versus Patrik Laine in Maple Leafs zone.
5:32 of 1st period - Shot by John Klingberg.
5:32 of 1st period - Stopped by Juuse Saros without a rebound.
5:33 of 1st period - Mark Scheifele wins face-off versus Jake Evans in Maple Leafs zone.
6:05 of 1st period - Shot by J.T. Miller.
6:05 of 1st period - Shot Misses the Net.
6:57 of 1st period - Shot by Rasmus Dahlin.
6:57 of 1st period - Stopped by Juuse Saros without a rebound.
6:58 of 1st period - Alexandre Texier wins face-off versus Jake Evans in Maple Leafs zone.
6:58 of 1st period - Alexandre Texier is hit by Greg Pateryn.
7:10 of 1st period - Minor Penalty to Noah Dobson for Roughing.
7:11 of 1st period - Alex Tuch wins face-off versus Jake Evans in Islanders zone.
7:38 of 1st period - Shot by Alexander Radulov.
7:38 of 1st period - Stopped by Mikko Koskinen without a rebound.
7:39 of 1st period - Jamie Benn wins face-off versus Alex Tuch in Islanders zone.
7:40 of 1st period - Shot by Dougie Hamilton.
7:40 of 1st period - Shot Misses the Net.
7:42 of 1st period - Shot by Brendan Gallagher.
7:42 of 1st period - Stopped by Mikko Koskinen without a rebound.
7:43 of 1st period - Alex Tuch wins face-off versus Jamie Benn in Islanders zone.
7:54 of 1st period - Shot by Dougie Hamilton.
7:54 of 1st period - Stopped by Mikko Koskinen without a rebound.
7:55 of 1st period - Jake Evans wins face-off versus Mark Scheifele in Islanders zone.
8:37 of 1st period - Shot by Jakub Vrana.
8:37 of 1st period - Stopped by Mikko Koskinen without a rebound.
8:38 of 1st period - Jamie Benn wins face-off versus Alex Tuch in Islanders zone.
8:51 of 1st period - Shot by Taylor Hall.
8:51 of 1st period - Deflect By Jamie Benn.
8:51 of 1st period - Stopped by Mikko Koskinen without a rebound.
8:52 of 1st period - Mark Scheifele wins face-off versus Jamie Benn in Islanders zone.
8:52 of 1st period - Mark Scheifele is hit by Brendan Gallagher.
9:12 of 1st period - Minor Penalty to Rasmus Ristolainen for Tripping.
9:13 of 1st period - Jake Evans wins face-off versus Mark Scheifele in Islanders zone.
9:36 of 1st period - Shot by Jake Evans.
9:36 of 1st period - Stopped by Mikko Koskinen without a rebound.
9:37 of 1st period - Jesse Puljujarvi wins face-off versus Jamie Benn in Islanders zone.
9:56 of 1st period - Shot by John Klingberg.
9:56 of 1st period - Stopped by Juuse Saros without a rebound.
9:57 of 1st period - Alex Tuch wins face-off versus Alexander Radulov in Maple Leafs zone.
10:12 of 1st period - Icing by Jake Evans.
10:13 of 1st period - Mark Scheifele wins face-off versus Jake Evans in Maple Leafs zone.
10:16 of 1st period - Shot by J.T. Miller.
10:16 of 1st period - Shot Misses the Net.
10:31 of 1st period - Shot by Patrik Laine.
10:31 of 1st period - Stopped by Mikko Koskinen without a rebound.
10:32 of 1st period - Alex Tuch wins face-off versus Jamie Benn in Islanders zone.
11:10 of 1st period - Shot by Taylor Hall.
11:10 of 1st period - Shot Misses the Net.
11:12 of 1st period - Shot by Jaccob Slavin.
11:12 of 1st period - Shot Misses the Net.
11:42 of 1st period - Slater Koekkoek is hit by Sammy Blais and loses puck.
11:53 of 1st period - Shot by Alexandre Texier.
11:53 of 1st period - Shot Misses the Net.
12:38 of 1st period - Shot by Jake Evans.
12:38 of 1st period - Goal by Jake Evans - Maple Leafs : 1 - Islanders : 0.
12:39 of 1st period - Mark Scheifele wins face-off versus Jamie Benn in neutral zone.
13:15 of 1st period - Jaccob Slavin is hit by J.T. Miller and loses puck.
13:56 of 1st period - Brendan Gallagher is hit by Sammy Blais and loses puck.
14:04 of 1st period - Sammy Blais is hit by Marcus Pettersson and loses puck.
14:15 of 1st period - Shot by Dylan Strome.
14:15 of 1st period - Stopped by Juuse Saros without a rebound.
14:16 of 1st period - Charlie Coyle wins face-off versus Pius Suter in Maple Leafs zone.
14:57 of 1st period - Icing by Pius Suter.
14:58 of 1st period - Mark Scheifele wins face-off versus Pius Suter in Maple Leafs zone.
15:04 of 1st period - Off-side.
15:05 of 1st period - Jamie Benn wins face-off versus Mark Scheifele in neutral zone.
15:19 of 1st period - Icing by Jaccob Slavin.
15:20 of 1st period - Johan Larsson wins face-off versus Jamie Benn in Maple Leafs zone.
15:21 of 1st period - Shot by Milan Lucic.
15:21 of 1st period - Shot Misses the Net.
15:52 of 1st period - Shot by Milan Lucic.
15:52 of 1st period - Stopped by Juuse Saros with a rebound.
15:56 of 1st period - Shot by Johan Larsson.
15:56 of 1st period - Shot Misses the Net.
15:58 of 1st period - Shot by Johan Larsson.
15:58 of 1st period - Shot Misses the Net.
16:51 of 1st period - Minor Penalty to J.T. Miller for Tripping.
16:52 of 1st period - Jake Evans wins face-off versus Jesse Puljujarvi in Islanders zone.
17:21 of 1st period - Shot by Marcus Pettersson.
17:21 of 1st period - Stopped by Mikko Koskinen with a rebound.
17:23 of 1st period - Shot by Jakub Vrana.
17:23 of 1st period - Stopped by Mikko Koskinen without a rebound.
17:23 of 1st period - Minor Penalty to Mikko Koskinen for Delaying the game.
17:24 of 1st period - Charlie Coyle wins face-off versus Jake Evans in Islanders zone.
17:35 of 1st period - Shot by Charlie Coyle.
17:35 of 1st period - Stopped by Juuse Saros with a rebound.
17:47 of 1st period - Shot by Jake Evans.
17:47 of 1st period - Stopped by Mikko Koskinen without a rebound.
17:48 of 1st period - Jamie Benn wins face-off versus Charlie Coyle in Islanders zone.
17:53 of 1st period - Shot by Jaccob Slavin.
17:53 of 1st period - Shot Blocked by Rasmus Ristolainen.
17:55 of 1st period - Shot by Brendan Gallagher.
17:55 of 1st period - Shot Misses the Net.
17:59 of 1st period - Shot by Brendan Gallagher.
17:59 of 1st period - Shot Misses the Net.
18:01 of 1st period - Shot by Dougie Hamilton.
18:01 of 1st period - Shot Misses the Net.
18:03 of 1st period - Shot by Jamie Benn.
18:03 of 1st period - Stopped by Mikko Koskinen without a rebound.
18:04 of 1st period - Mark Scheifele wins face-off versus Jamie Benn in Islanders zone.
18:26 of 1st period - Shot by Dougie Hamilton.
18:26 of 1st period - Shot Misses the Net.
18:28 of 1st period - Shot by Brendan Gallagher.
18:28 of 1st period - Stopped by Mikko Koskinen with a rebound.
18:30 of 1st period - Shot by Jaccob Slavin.
18:30 of 1st period - Stopped by Mikko Koskinen with a rebound.
18:32 of 1st period - Shot by Jaccob Slavin.
18:32 of 1st period - Stopped by Mikko Koskinen without a rebound.
18:33 of 1st period - Charlie Coyle wins face-off versus Jake Evans in Islanders zone.
18:54 of 1st period - Shot by Jakub Vrana.
18:54 of 1st period - Stopped by Mikko Koskinen without a rebound.
18:55 of 1st period - Alex Tuch wins face-off versus Jake Evans in Islanders zone.
19:14 of 1st period - Shot by Alexander Radulov.
19:14 of 1st period - Shot Misses the Net.
19:30 of 1st period - Shot by Michael Grabner.
19:30 of 1st period - Shot Blocked by Travis Sanheim.
Goals for this period are 1 for Maple Leafs vs 0 for Islanders.
Shots for this period are 19 for Maple Leafs vs 8 for Islanders.

2nd period


0:01 of 2nd period - Patrik Laine wins face-off versus Jesse Puljujarvi in neutral zone.
0:20 of 2nd period - Shot by Jamie Benn.
0:20 of 2nd period - Shot Misses the Net.
1:04 of 2nd period - Greg Pateryn is hit by J.T. Miller and loses puck.
1:11 of 2nd period - Shot by Eric Staal.
1:11 of 2nd period - Stopped by Mikko Koskinen without a rebound.
1:12 of 2nd period - Jake Evans wins face-off versus Dylan Strome in Islanders zone.
2:06 of 2nd period - Icing by Travis Sanheim.
2:07 of 2nd period - Alexandre Texier wins face-off versus Eric Staal in Islanders zone.
2:14 of 2nd period - Alexandre Texier is hit by Jakub Vrana and loses puck.
3:01 of 2nd period - Greg Pateryn is hit by J.T. Miller and loses puck.
3:55 of 2nd period - Jamie Benn is hit by J.T. Miller and loses puck.
4:37 of 2nd period - Rasmus Dahlin is hit by Brendan Gallagher and loses puck.
5:03 of 2nd period - Off-side.
5:04 of 2nd period - Pius Suter wins face-off versus Johan Larsson in neutral zone.
5:09 of 2nd period - Shot by Pius Suter.
5:09 of 2nd period - Stopped by Mikko Koskinen without a rebound.
5:10 of 2nd period - Johan Larsson wins face-off versus Eric Staal in Islanders zone.
5:24 of 2nd period - Eric Staal is hit by Nicolas Aube-Kubel.
6:06 of 2nd period - Shot by Alex Tuch.
6:06 of 2nd period - Shot Blocked by Greg Pateryn.
6:08 of 2nd period - Shot by J.T. Miller.
6:08 of 2nd period - Shot Blocked by Marcus Pettersson.
6:10 of 2nd period - Shot by J.T. Miller.
6:10 of 2nd period - Deflect By Mark Scheifele.
6:10 of 2nd period - Stopped by Juuse Saros with a rebound.
6:12 of 2nd period - Shot by J.T. Miller.
6:12 of 2nd period - Stopped by Juuse Saros without a rebound.
6:13 of 2nd period - Jamie Benn wins face-off versus Charlie Coyle in Maple Leafs zone.
6:13 of 2nd period - Jamie Benn is hit by Jesse Puljujarvi.
6:20 of 2nd period - Off-side.
6:21 of 2nd period - Jamie Benn wins face-off versus Charlie Coyle in neutral zone.
6:24 of 2nd period - Lawson Crouse is hit by Patrik Laine and loses puck.
6:30 of 2nd period - Off-side.
6:31 of 2nd period - Jake Evans wins face-off versus Mark Scheifele in neutral zone.
6:56 of 2nd period - Shot by J.T. Miller.
6:56 of 2nd period - Shot Blocked by Dougie Hamilton.
7:39 of 2nd period - Off-side.
7:40 of 2nd period - Eric Staal wins face-off versus Charlie Coyle in neutral zone.
7:49 of 2nd period - Shot by Eric Staal.
7:49 of 2nd period - Stopped by Mikko Koskinen without a rebound.
7:50 of 2nd period - Dylan Strome wins face-off versus Jamie Benn in Islanders zone.
7:55 of 2nd period - Shot by Dylan Strome.
7:55 of 2nd period - Shot Misses the Net.
8:05 of 2nd period - Shot by Taylor Hall.
8:05 of 2nd period - Deflect By Patrik Laine.
8:05 of 2nd period - Shot Misses the Net.
8:07 of 2nd period - Shot by Jamie Benn.
8:07 of 2nd period - Stopped by Mikko Koskinen without a rebound.
8:08 of 2nd period - Eric Staal wins face-off versus Charlie Coyle in Islanders zone.
8:21 of 2nd period - Shot by Jesse Puljujarvi.
8:21 of 2nd period - Deflect By Charlie Coyle.
8:21 of 2nd period - Stopped by Juuse Saros without a rebound.
8:22 of 2nd period - Mark Scheifele wins face-off versus Jamie Benn in Maple Leafs zone.
8:22 of 2nd period - J.T. Miller is hit by Nikita Zadorov and loses puck.
8:28 of 2nd period - Minor Penalty to Rasmus Ristolainen for Hooking.
8:29 of 2nd period - Jamie Benn wins face-off versus Alex Tuch in Islanders zone.
9:44 of 2nd period - Shot by Jakub Vrana.
9:44 of 2nd period - Shot Blocked by Duncan Keith.
9:46 of 2nd period - Shot by Marcus Pettersson.
9:46 of 2nd period - Stopped by Mikko Koskinen without a rebound.
9:47 of 2nd period - Jakub Vrana wins face-off versus Mark Scheifele in Islanders zone.
10:32 of 2nd period - Icing by Dylan Strome.
10:33 of 2nd period - Sammy Blais wins face-off versus Pius Suter in Islanders zone.
10:33 of 2nd period - Rasmus Ristolainen is hit by Antoine Roussel and loses puck.
10:37 of 2nd period - Minor Penalty to Rasmus Ristolainen for Hooking.
10:38 of 2nd period - Jamie Benn wins face-off versus Alex Tuch in Islanders zone.
10:57 of 2nd period - Shot by Taylor Hall.
10:57 of 2nd period - Shot Misses the Net.
10:59 of 2nd period - Shot by Taylor Hall.
10:59 of 2nd period - Shot Misses the Net.
11:01 of 2nd period - Shot by Dougie Hamilton.
11:01 of 2nd period - Stopped by Mikko Koskinen without a rebound.
11:02 of 2nd period - Mark Scheifele wins face-off versus Jake Evans in Islanders zone.
11:24 of 2nd period - Shot by Alexander Radulov.
11:24 of 2nd period - Deflect By Jakub Vrana.
11:24 of 2nd period - Shot Misses the Net.
11:26 of 2nd period - Shot by Alexander Radulov.
11:26 of 2nd period - Shot Misses the Net.
11:28 of 2nd period - Shot by Jake Evans.
11:28 of 2nd period - Stopped by Mikko Koskinen without a rebound.
11:29 of 2nd period - Mark Scheifele wins face-off versus Jamie Benn in Islanders zone.
11:37 of 2nd period - Icing by Jaccob Slavin.
11:38 of 2nd period - Jamie Benn wins face-off versus Alex Tuch in Maple Leafs zone.
11:38 of 2nd period - Jamie Benn is hit by Alex Tuch.
11:43 of 2nd period - Dougie Hamilton is hit by Noah Dobson and loses puck.
12:00 of 2nd period - Shot by Taylor Hall.
12:00 of 2nd period - Stopped by Mikko Koskinen without a rebound.
12:01 of 2nd period - Jake Evans wins face-off versus Mark Scheifele in Islanders zone.
12:07 of 2nd period - Shot by Jake Evans.
12:07 of 2nd period - Stopped by Mikko Koskinen without a rebound.
12:08 of 2nd period - Mark Scheifele wins face-off versus Jake Evans in Islanders zone.
12:32 of 2nd period - Icing by Alexander Radulov.
12:33 of 2nd period - Jake Evans wins face-off versus Mark Scheifele in Maple Leafs zone.
13:10 of 2nd period - Icing by Nikita Zadorov.
13:11 of 2nd period - Patrik Laine wins face-off versus Charlie Coyle in Maple Leafs zone.
13:11 of 2nd period - Patrik Laine is hit by Charlie Coyle.
13:14 of 2nd period - Icing by Taylor Hall.
13:15 of 2nd period - Charlie Coyle wins face-off versus Jamie Benn in Maple Leafs zone.
13:20 of 2nd period - Shot by Lawson Crouse.
13:20 of 2nd period - Shot Blocked by Jamie Benn.
13:43 of 2nd period - Lawson Crouse is hit by Jamie Benn and loses puck.
14:00 of 2nd period - Charlie Coyle is hit by Eric Staal and loses puck.
14:01 of 2nd period - Minor Penalty to Alexander Radulov for High sticking.
14:02 of 2nd period - Jake Evans wins face-off versus Mark Scheifele in Maple Leafs zone.
14:02 of 2nd period - Dougie Hamilton is hit by J.T. Miller and loses puck.
14:35 of 2nd period - Shot by J.T. Miller.
14:35 of 2nd period - Stopped by Juuse Saros with a rebound.
14:37 of 2nd period - Shot by Alex Tuch.
14:37 of 2nd period - Stopped by Juuse Saros without a rebound.
14:38 of 2nd period - Charlie Coyle wins face-off versus Jamie Benn in Maple Leafs zone.
15:02 of 2nd period - Shot by Rasmus Dahlin.
15:02 of 2nd period - Stopped by Juuse Saros without a rebound.
15:03 of 2nd period - Jake Evans wins face-off versus Mark Scheifele in Maple Leafs zone.
15:36 of 2nd period - Nikita Zadorov is hit by Alex Tuch and loses puck.
16:07 of 2nd period - Shot by Dylan Strome.
16:07 of 2nd period - Shot Misses the Net.
16:09 of 2nd period - Shot by Dylan Strome.
16:09 of 2nd period - Stopped by Juuse Saros without a rebound.
16:10 of 2nd period - Eric Staal wins face-off versus Johan Larsson in Maple Leafs zone.
16:35 of 2nd period - Shot by Alexander Radulov.
16:35 of 2nd period - Shot Misses the Net.
16:41 of 2nd period - Shot by Jakub Vrana.
16:41 of 2nd period - Shot Misses the Net.
16:45 of 2nd period - Shot by Alexander Radulov.
16:45 of 2nd period - Goal by Alexander Radulov - Maple Leafs : 2 - Islanders : 0.
16:46 of 2nd period - Jake Evans wins face-off versus Charlie Coyle in neutral zone.
17:04 of 2nd period - Shot by Brendan Gallagher.
17:04 of 2nd period - Stopped by Mikko Koskinen without a rebound.
17:05 of 2nd period - Mark Scheifele wins face-off versus Jamie Benn in Islanders zone.
17:12 of 2nd period - Shot by Patrik Laine.
17:12 of 2nd period - Stopped by Mikko Koskinen without a rebound.
17:13 of 2nd period - Jamie Benn wins face-off versus Mark Scheifele in Islanders zone.
17:19 of 2nd period - Patrik Laine is hit by Rasmus Ristolainen and loses puck.
17:34 of 2nd period - Shot by Mark Scheifele.
17:34 of 2nd period - Shot Misses the Net.
17:38 of 2nd period - Shot by Mark Scheifele.
17:38 of 2nd period - Shot Blocked by Marcus Pettersson.
18:45 of 2nd period - Charlie Coyle is hit by Brendan Gallagher.
19:03 of 2nd period - Icing by John Klingberg.
19:04 of 2nd period - Eric Staal wins face-off versus Charlie Coyle in Islanders zone.
Goals for this period are 1 for Maple Leafs vs 0 for Islanders.
Shots for this period are 12 for Maple Leafs vs 7 for Islanders.

3rd period


0:01 of 3rd period - Jake Evans wins face-off versus Mark Scheifele in neutral zone.
1:12 of 3rd period - Shot by Jakub Vrana.
1:12 of 3rd period - Shot Misses the Net.
1:14 of 3rd period - Shot by Nikita Zadorov.
1:14 of 3rd period - Stopped by Mikko Koskinen without a rebound.
1:15 of 3rd period - Jamie Benn wins face-off versus Charlie Coyle in Islanders zone.
1:17 of 3rd period - Taylor Hall is hit by Rasmus Dahlin and loses puck.
1:34 of 3rd period - Shot by Charlie Coyle.
1:34 of 3rd period - Stopped by Juuse Saros without a rebound.
1:35 of 3rd period - Eric Staal wins face-off versus Dylan Strome in Maple Leafs zone.
2:01 of 3rd period - Shot by Sammy Blais.
2:01 of 3rd period - Shot Misses the Net.
2:32 of 3rd period - Shot by Mark Scheifele.
2:32 of 3rd period - Shot Misses the Net.
2:46 of 3rd period - Shot by J.T. Miller.
2:46 of 3rd period - Shot Misses the Net.
3:45 of 3rd period - Shot by Charlie Coyle.
3:45 of 3rd period - Stopped by Juuse Saros without a rebound.
3:46 of 3rd period - Johan Larsson wins face-off versus Taylor Hall in Maple Leafs zone.
4:07 of 3rd period - Shot by Taylor Hall.
4:07 of 3rd period - Stopped by Mikko Koskinen without a rebound.
4:08 of 3rd period - Sammy Blais wins face-off versus Jake Evans in Islanders zone.
4:08 of 3rd period - Sammy Blais is hit by Jake Evans.
4:43 of 3rd period - Shot by Rasmus Ristolainen.
4:43 of 3rd period - Shot Misses the Net.
4:45 of 3rd period - Shot by Dylan Strome.
4:45 of 3rd period - Goal by Dylan Strome - Maple Leafs : 2 - Islanders : 1.
4:46 of 3rd period - Mark Scheifele wins face-off versus Jamie Benn in neutral zone.
4:48 of 3rd period - John Klingberg is hit by Dougie Hamilton.
5:02 of 3rd period - Shot by Alex Tuch.
5:02 of 3rd period - Shot Misses the Net.
5:47 of 3rd period - Icing by Dougie Hamilton.
5:48 of 3rd period - Jamie Benn wins face-off versus Dylan Strome in Maple Leafs zone.
6:34 of 3rd period - Icing by Rasmus Ristolainen.
6:35 of 3rd period - Dylan Strome wins face-off versus Pius Suter in Islanders zone.
6:57 of 3rd period - Duncan Keith is hit by Nikita Zadorov.
7:16 of 3rd period - Off-side.
7:17 of 3rd period - Charlie Coyle wins face-off versus Eric Staal in neutral zone.
7:26 of 3rd period - Shot by Charlie Coyle.
7:26 of 3rd period - Goal by Charlie Coyle - Maple Leafs : 2 - Islanders : 2.
7:27 of 3rd period - Jamie Benn wins face-off versus Mark Scheifele in neutral zone.
7:32 of 3rd period - Shot by Taylor Hall.
7:32 of 3rd period - Shot Misses the Net.
7:59 of 3rd period - Double Minor Penalty to Jamie Benn for High sticking.
8:00 of 3rd period - Jake Evans wins face-off versus Charlie Coyle in Maple Leafs zone.
8:17 of 3rd period - Shot by Lawson Crouse.
8:17 of 3rd period - Shot Misses the Net.
8:31 of 3rd period - Shot by Duncan Keith.
8:31 of 3rd period - Stopped by Juuse Saros without a rebound.
8:32 of 3rd period - Mark Scheifele wins face-off versus Jake Evans in Maple Leafs zone.
8:32 of 3rd period - Rasmus Dahlin is hit by Dougie Hamilton and loses puck.
10:03 of 3rd period - Shot by Duncan Keith.
10:03 of 3rd period - Stopped by Juuse Saros without a rebound.
10:04 of 3rd period - Jesse Puljujarvi wins face-off versus Patrik Laine in Maple Leafs zone.
11:05 of 3rd period - Rasmus Ristolainen is hit by Nikita Zadorov.
11:27 of 3rd period - Shot by Mark Scheifele.
11:27 of 3rd period - Stopped by Juuse Saros without a rebound.
11:28 of 3rd period - Mark Scheifele wins face-off versus Jake Evans in Maple Leafs zone.
11:43 of 3rd period - Shot by John Klingberg.
11:43 of 3rd period - Stopped by Juuse Saros without a rebound.
11:44 of 3rd period - Jake Evans wins face-off versus Mark Scheifele in Maple Leafs zone.
12:05 of 3rd period - Shot by Johan Larsson.
12:05 of 3rd period - Stopped by Juuse Saros without a rebound.
12:06 of 3rd period - Jake Evans wins face-off versus Johan Larsson in Maple Leafs zone.
12:06 of 3rd period - Jake Evans is hit by Milan Lucic.
12:32 of 3rd period - Shot by Noah Dobson.
12:32 of 3rd period - Shot Blocked by Jake Evans.
12:34 of 3rd period - Shot by Johan Larsson.
12:34 of 3rd period - Shot Blocked by Nikita Zadorov.
12:42 of 3rd period - Shot by Nicolas Aube-Kubel.
12:42 of 3rd period - Stopped by Juuse Saros without a rebound.
12:43 of 3rd period - Jamie Benn wins face-off versus Mark Scheifele in Maple Leafs zone.
12:43 of 3rd period - Jamie Benn is hit by Alex Tuch.
12:46 of 3rd period - Marcus Pettersson is hit by J.T. Miller.
13:08 of 3rd period - Icing by Marcus Pettersson.
13:09 of 3rd period - Charlie Coyle wins face-off versus Patrik Laine in Maple Leafs zone.
13:14 of 3rd period - Shot by Rasmus Ristolainen.
13:14 of 3rd period - Stopped by Juuse Saros without a rebound.
13:15 of 3rd period - Eric Staal wins face-off versus Lawson Crouse in Maple Leafs zone.
13:31 of 3rd period - Duncan Keith is hit by Jaccob Slavin and loses puck.
13:43 of 3rd period - Charlie Coyle is hit by Dougie Hamilton and loses puck.
13:58 of 3rd period - Shot by Jakub Vrana.
13:58 of 3rd period - Goal by Jakub Vrana - Maple Leafs : 3 - Islanders : 2.
13:59 of 3rd period - Jamie Benn wins face-off versus Mark Scheifele in neutral zone.
14:20 of 3rd period - Shot by Patrik Laine.
14:20 of 3rd period - Shot Misses the Net.
14:44 of 3rd period - Shot by Mark Scheifele.
14:44 of 3rd period - Stopped by Juuse Saros without a rebound.
14:45 of 3rd period - Dylan Strome wins face-off versus Rudolfs Balcers in Maple Leafs zone.
14:45 of 3rd period - Dylan Strome is hit by Nikita Zadorov.
15:01 of 3rd period - Icing by Dylan Strome.
15:02 of 3rd period - Eric Staal wins face-off versus Dylan Strome in Islanders zone.
15:02 of 3rd period - Eric Staal is hit by Rasmus Ristolainen.
15:14 of 3rd period - Shot by Sammy Blais.
15:14 of 3rd period - Stopped by Juuse Saros without a rebound.
15:15 of 3rd period - Jake Evans wins face-off versus Charlie Coyle in Maple Leafs zone.
15:40 of 3rd period - Shot by Jesse Puljujarvi.
15:40 of 3rd period - Goal by Jesse Puljujarvi - Maple Leafs : 3 - Islanders : 3.
15:41 of 3rd period - Eric Staal wins face-off versus Mark Scheifele in neutral zone.
15:54 of 3rd period - Shot by Jakub Vrana.
15:54 of 3rd period - Stopped by Mikko Koskinen with a rebound.
16:17 of 3rd period - Shot by Jakub Vrana.
16:17 of 3rd period - Goal by Jakub Vrana - Maple Leafs : 4 - Islanders : 3.
16:18 of 3rd period - Charlie Coyle wins face-off versus Jamie Benn in neutral zone.
16:20 of 3rd period - Rasmus Dahlin is hit by Greg Pateryn and loses puck.
16:34 of 3rd period - Minor Penalty to Jamie Benn for Holding.
16:35 of 3rd period - Charlie Coyle wins face-off versus Patrik Laine in Maple Leafs zone.
16:35 of 3rd period - Charlie Coyle is hit by Nikita Zadorov.
16:57 of 3rd period - Shot by John Klingberg.
16:57 of 3rd period - Stopped by Juuse Saros without a rebound.
16:58 of 3rd period - Mark Scheifele wins face-off versus Patrik Laine in Maple Leafs zone.
16:59 of 3rd period - Shot by J.T. Miller.
16:59 of 3rd period - Stopped by Juuse Saros without a rebound.
17:00 of 3rd period - Patrik Laine wins face-off versus Mark Scheifele in Maple Leafs zone.
17:25 of 3rd period - Shot by Mark Scheifele.
17:25 of 3rd period - Stopped by Juuse Saros with a rebound.
17:27 of 3rd period - Shot by Rasmus Ristolainen.
17:27 of 3rd period - Stopped by Juuse Saros without a rebound.
17:28 of 3rd period - Patrik Laine wins face-off versus Charlie Coyle in Maple Leafs zone.
17:35 of 3rd period - Icing by Lawson Crouse.
17:36 of 3rd period - Patrik Laine wins face-off versus Charlie Coyle in Islanders zone.
17:37 of 3rd period - Shot by Michael Grabner.
17:37 of 3rd period - Shot Misses the Net.
17:39 of 3rd period - Shot by Michael Grabner.
17:39 of 3rd period - Shot Misses the Net.
17:41 of 3rd period - Shot by Michael Grabner.
17:41 of 3rd period - Shot Misses the Net.
17:43 of 3rd period - Shot by Dougie Hamilton.
17:43 of 3rd period - Stopped by Mikko Koskinen without a rebound.
17:44 of 3rd period - Charlie Coyle wins face-off versus Patrik Laine in Islanders zone.
17:44 of 3rd period - Charlie Coyle is hit by Patrik Laine.
18:03 of 3rd period - Off-side.
18:04 of 3rd period - Mark Scheifele wins face-off versus Eric Staal in neutral zone.
18:07 of 3rd period - Shot by J.T. Miller.
18:07 of 3rd period - Shot Misses the Net.
18:09 of 3rd period - Shot by Duncan Keith.
18:09 of 3rd period - Shot Misses the Net.
18:11 of 3rd period - Shot by Duncan Keith.
18:11 of 3rd period - Shot Misses the Net.
18:13 of 3rd period - Shot by Mark Scheifele.
18:13 of 3rd period - Stopped by Juuse Saros without a rebound.
18:14 of 3rd period - Jake Evans wins face-off versus Charlie Coyle in Maple Leafs zone.
18:49 of 3rd period - Shot by Alexander Radulov.
18:49 of 3rd period - Shot Misses the Net.
19:02 of 3rd period - Shot by Jakub Vrana.
19:02 of 3rd period - Shot Blocked by Mark Scheifele.
19:04 of 3rd period - Shot by Alexander Radulov.
19:04 of 3rd period - Stopped by Mikko Koskinen without a rebound.
19:05 of 3rd period - Michael Grabner wins face-off versus Mark Scheifele in Islanders zone.
19:29 of 3rd period - Off-side.
19:30 of 3rd period - Eric Staal wins face-off versus Mark Scheifele in neutral zone.
Goals for this period are 2 for Maple Leafs vs 3 for Islanders.
Shots for this period are 7 for Maple Leafs vs 19 for Islanders.